Map: Ever Dream LE

Players

Torn - Winner!

  • Race: Terran Terran
  • League: Diamond
  • Spawn Location: 7:00

CharactR

  • Race: Terran Terran
  • League: Diamond
  • Spawn Location: 1:00

VOD

Have the link to the VOD?

Description

Time

  • Played on: May 16, 2020, 2:43 p.m.
  • Length: 7:21
Show
View Real Time Build Order
Export as new Build Order

Torn Terran - Winner!

Build Orders:  

Get SALT Encoding   

  12  0:01  SCV  
  13  0:13  SCV  
  14  0:17  Supply Depot  
  14  0:25  SCV  
  15  0:29  Refinery  
  15  0:38  SCV  
  16  0:45  Barracks  
  16  0:51  SCV  
  16  0:55  Refinery  
  17  1:03  SCV  
  18  1:15  SCV  
  19  1:32  Orbital Command  
  19  1:33  Reaper  
  19  1:39  Factory  
  20  1:57  Supply Depot  
  20  1:58  SCV  
  21  2:05  Reaper  
  21  2:16  SCV  
  22  2:25  Hellion  
  24  2:33  Starport  
  24  2:35  SCV  
  25  2:37  Marine  
  25  2:39  Supply Depot  
  26  2:47  SCV  
  26  2:50  Hellion  
  29  2:56  Barracks Reactor  
  29  3:00  SCV  
  30  3:13  Command Center  
  30  3:16  SCV  
  30  3:30  Factory Tech Lab, Viking  
  30  3:31  SCV  
  30  3:37  Marine x2  
  32  3:45  SCV  
  33  3:49  Siege Tank  
  36  3:56  Marine x2  
  36  3:57  SCV  
  39  4:09  SCV, Viking  
  42  4:15  Marine x2  
  44  4:21  Siege Tank  
  47  4:25  SCV  
  47  4:28  Orbital Command  
  48  4:39  Marine x2  
  48  4:40  Viking  
  52  4:46  SCV  
  53  4:54  Siege Tank  
  53  4:57  SCV  
  57  5:00  Marine x2  
  57  5:02  SCV  
  60  5:09  SCV  
  60  5:13  Starport Reactor  
  61  5:15  Barracks x2  
  61  5:20  Marine  
  62  5:25  Marine, SCV x2  
  62  5:26  Supply Depot  
  65  5:40  Marine  
  65  5:41  Siege Tank, SCV  
  70  5:48  SCV  
  71  6:01  Marine x2  
  70  6:09  SCV x2, Viking x2  
  76  6:11  Barracks Tech Lab x2  
  76  6:14  Engineering Bay  
  76  6:15  Engineering Bay  
  76  6:18  Marine  
  76  6:21  SCV  
  78  6:33  Supply Depot x2, Refinery  
  78  6:35  Refinery  
  78  6:36  Siege Tank, SCV x2  
  81  6:48  Marine x2  
  83  6:55  SCV x2  
  87  7:07  SCV  
Show
View Real Time Build Order
Export as new Build Order

CharactR Terran 

Build Orders: Gas First Reaper Expand 

Get SALT Encoding   

  12  0:01  SCV  
  13  0:13  SCV  
  14  0:17  Supply Depot  
  14  0:25  SCV  
  14  0:27  Refinery  
  15  0:39  SCV  
  16  0:45  Barracks  
  16  0:51  SCV  
  17  1:03  SCV  
  18  1:15  SCV  
  19  1:32  Orbital Command  
  19  1:33  Reaper  
  20  1:47  Command Center  
  20  1:58  Factory  
  20  2:05  Reaper  
  21  2:09  SCV  
  22  2:18  Bunker  
  22  2:21  SCV  
  23  2:29  Refinery  
  23  2:35  Supply Depot  
  23  2:39  Barracks Reactor  
  23  2:56  Hellion, SCV  
  26  2:59  Starport  
  26  3:00  Orbital Command  
  26  3:08  SCV  
  27  3:17  Marine  
  27  3:18  Marine  
  29  3:20  SCV  
  27  3:29  SCV  
  27  3:31  Factory Tech Lab  
  27  3:32  SCV  
  29  3:36  Starport Tech Lab  
  29  3:40  Refinery  
  29  3:41  SCV  
  29  3:44  Marine x2  
  29  3:45  SCV  
  33  3:51  Cyclone  
  33  3:53  SCV  
  40  3:57  SCV  
  41  4:03  Supply Depot  
  41  4:06  SCV  
  41  4:09  SCV  
  45  4:18  SCV  
  45  4:21  SCV  
  46  4:27  Siege Tank  
  45  4:40  SCV  
  45  4:44  SCV, Barracks  
  45  4:45  Barracks  
  46  4:46  Command Center, Medivac  
  46  4:49  Medivac  
  46  4:50  Stimpack  
  50  4:58  SCV  
  50  4:59  Siege Tank  
  54  5:04  Supply Depot  
  54  5:14  Supply Depot  
  54  5:24  Engineering Bay  
  54  5:25  Marine, SCV x2  
  54  5:27  Engineering Bay  
  57  5:37  Marine, SCV  
  57  5:38  Barracks Reactor  
  59  5:43  Marine  
  52  5:55  Marine  
  41  6:01  Marine  
  37  6:08  Viking x2  
  39  6:12  Marine  
  39  6:15  Siege Tank  
  39  6:16  Marine  
  39  6:17  Marine  
  45  6:18  Marine  
  46  6:26  Orbital Command  
  46  6:30  Marine  
  46  6:34  Marine x2  
  46  6:36  Marine  
  26  6:48  Marine, Orbital Command  
  26  6:54  SCV  
Tags
 
Add a new tag
Caveats
  • Supply blocks, unpowered buildings, or Contaminate may cause inaccurate times.
  • Supply counts are checked every 10 seconds.